 Dungeon Crawl Stone Soup version 0.27-a0-686-gaed091b46b (webtiles) character file.

Game seed: 2029730490172116803

128 EnegeticOcto the Ruffian (level 5, 0/35 HPs)
             Began as a Halfling Fighter on Mar 21, 2021.
             Succumbed to a worker ant's poison
             ... on level 5 of the Dungeon.
             The game lasted 00:02:51 (525 turns).

EnegeticOcto the Ruffian (Halfling Fighter)          Turns: 525, Time: 00:02:51

Health: 0/35       AC:  8    Str: 17    XL:     5   Next: 34%
Magic:  5/5        EV: 11    Int:  7    God:
Gold:   70         SH:  5    Dex: 14    Spells: 4/4 levels left

rFire    . . .     SeeInvis .     - Unarmed
rCold    . . .     Faith    .   b - +0 buckler
rNeg     . . .     Spirit   .   a - +0 scale mail
rPois    .         Reflect  .   (no helmet)
rElec    .         Harm     .   i - +0 cloak
rCorr    .         Rampage  .   (no gloves)
Will     .....                  (no boots)
Stlth    ..........             (no amulet)
HPRegen  0.11/turn              (no ring)
MPRegen  0.09/turn              (no ring)

@: lethally poisoned (0 -> -7)
A: small, no large weapons, mutation resistance 1
a: no special abilities


You were on level 5 of the Dungeon.
You visited 1 branch of the dungeon, and saw 5 of its levels.

You collected 70 gold pieces.

Inventory:

Hand Weapons
 d - a +2 whip of freezing
   (You found it on level 1 of the Dungeon)
Armour
 a - a +0 scale mail (worn)
 b - a +0 buckler (worn)
 i - a +0 cloak (worn)
   (You found it on level 2 of the Dungeon)
 j - a scarf of invisibility
   (You found it on level 4 of the Dungeon)
Scrolls
 f - a scroll of identify {@r1}
 g - a scroll of immolation {unknown}
Potions
 c - 2 potions of might {@q3 !q}
 e - a potion of degeneration
 h - a potion of lignification {@q6}


   Skills:
 - Level 2.6 Fighting
 - Level 3.2 Armour
 - Level 3.2 Shields
 + Level 4.2 Unarmed Combat


You had 4 spell levels left.
You didn't know any spells.
Your spell library was empty.

Dungeon Overview and Level Annotations

Branches:
Dungeon (5/15)
 Temple: D:4-7

Altars:


Innate Abilities, Weirdness & Mutations

You are small and have problems with some larger weapons.
You are somewhat resistant to further mutation.


Message History

There is a stone staircase leading up here.
Found a glowing scarf.
Found an escape hatch in the floor.
You see here a scarf of invisibility.
Okay, then.
j - a scarf of invisibility
There is an escape hatch in the floor here.
Found 2 gold pieces.
You now have 63 gold pieces (gained 2).
A ball python comes into view.
The ball python hisses angrily.
Found a stone staircase leading down.
You hit the ball python.
The ball python seems to slow down.
You freeze the ball python.
You kill the ball python!
(D) Dungeon
Where to? (Enter - D:4, ? - help)
There is a stone staircase leading down here.
You climb downwards.
Found 7 gold pieces.
There is a stone staircase leading up here.
An ogre comes into view. It is wielding a +0 giant club.
The ogre shouts!
You see here 7 gold pieces.
You now have 70 gold pieces (gained 7).
You hit the ogre. You freeze the ogre.
The ogre is lightly wounded.
The ogre misses you.
A worker ant comes into view.
You block the ogre's attack.
You barely miss the ogre.
The ogre is lightly wounded.
The worker ant waves its antennae.
The ogre closely misses you.
You barely miss the ogre.
The ogre is lightly wounded.
The ogre barely misses you.
You barely miss the ogre.
The ogre is lightly wounded.
The ogre closely misses you.
You barely miss the ogre.
The ogre is lightly wounded.
The ogre closely misses you.
You hit the ogre. You freeze the ogre.
The ogre is moderately wounded.
The ogre misses you.
You whack the ogre! You freeze the ogre.
The ogre is heavily wounded.
The ogre hits you with a +0 giant club!
Ouch! That really hurt!
* * * LOW HITPOINT WARNING * * *
You whack the ogre! You freeze the ogre.
The ogre is almost dead.
The ogre misses you. You block the ogre's attack.
You whack the ogre! You freeze the ogre.
You kill the ogre!
You block the worker ant's attack.
Your Unarmed Combat skill increases to level 4!
You have reached level 4!
You have reached level 5!
You feel agile.
You whack the worker ant! You freeze the worker ant.
The worker ant is severely wounded.
The worker ant bites you.
* * * LOW HITPOINT WARNING * * *
You closely miss the worker ant.
The worker ant is severely wounded.
The worker ant barely misses you.
You hit the worker ant but do no damage.
The worker ant is severely wounded.
The worker ant bites you but does no damage.
The worker ant closely misses you.
Okay, then.
Your +2 whip of freezing stops glowing.
You are now empty-handed.
You closely miss the worker ant.
The worker ant is severely wounded.
The worker ant bites you but does no damage.
You hit the worker ant but do no damage.
The worker ant is severely wounded.
The worker ant bites you but does no damage.
You hit the worker ant.
The worker ant is severely wounded.
The worker ant barely misses you.
You barely miss the worker ant.
The worker ant is severely wounded.
You block the worker ant's attack.
You completely miss the worker ant.
The worker ant is severely wounded.
The worker ant bites you but does no damage.
The worker ant bites you.
* * * LOW HITPOINT WARNING * * *
You hit the worker ant but do no damage.
The worker ant is severely wounded.
The worker ant bites you.
* * * LOW HITPOINT WARNING * * *
You are lethally poisoned!
The worker ant poisons you!
You hit the worker ant but do no damage.
The worker ant is severely wounded.
You die...

## .. .# ### .#
.....########.####.#
#...<...@B......#
##.#######..##..# #
..... ..###.# ..#
..# ..# ..#


You could see a worker ant.

Vanquished Creatures
  An ogre (D:5)
  An adder (D:2)
  3 worms (D:2)
  A dart slug (D:1)
  A leopard gecko (D:2)
  3 giant cockroaches
  4 goblins
  2 hobgoblins (D:2)
  A ball python (D:4)
  A bat (D:1)
  3 frilled lizards
  A kobold (D:2)
  2 rats
24 creatures vanquished.

Vanquished Creatures (others)
  A fungus (D:1)
1 creature vanquished.

Grand Total: 25 creatures vanquished

Notes
Turn   | Place    | Note
-------+----------+-------------------------------------------
     0 | D:1      | EnegeticOcto the Halfling Fighter began the quest for the
                  | Orb.
     0 | D:1      | Reached XP level 1. HP: 15/15 MP: 1/1
    68 | D:1      | Reached skill level 2 in Unarmed Combat
    75 | D:1      | Reached XP level 2. HP: 20/20 MP: 2/2
   210 | D:2      | Reached XP level 3. HP: 10/25 MP: 3/3
   339 | D:2      | Reached skill level 3 in Unarmed Combat
   498 | D:5      | Entered Level 5 of the Dungeon
   501 | D:5      | Noticed an ogre
   514 | D:5      | Killed an ogre
   515 | D:5      | Reached skill level 4 in Unarmed Combat
   515 | D:5      | Reached XP level 4. HP: 8/30 MP: 4/4
   515 | D:5      | Reached XP level 5. HP: 10/35 MP: 5/5
   524 | D:5      | HP: 1/35 [worker ant (3)]
   525 | D:5      | Succumbed to a worker ant's poison

Illustrated notes

Levels and vault maps discovered:
D:1:      tarquinn_simple_flora_water_f, layout_basic,
          minmay_misc_feat_four_crosses
D:2:      layout_loops_ring, nicolae_wu_jian_immortal_techniques, serial_shops,
          nicolae_shop_stone
D:3:      layout_loops_ring, overflow_temple_1_default, marbit_many_paths,
          nicolae_gozag_seed_capital, ebering_ghost_sewer_d, uniq_robin,
          uniq_crazy_yiuf_cottage
D:4:      layout_loops_ring, kennysheep_slug_shrine, grunt_qazlal_clouds,
          ebering_ghost_disaster_area
D:5:      layout_loops_ring, makhleb_altar_promises_db, kennysheep_minor_cross,
          sigmund_army

Skill      XL: |  1  2  3 |
---------------+----------+-----
Unarmed Combat | 2 4 |  4.2
Fighting       | |  2.6
Armour         | |  3.2
Shields        | |  3.2

Action                   |  1- 3 |  4- 6 || total
-------------------------+-------+-------++-------
Melee: Whip              |    64 |     3 ||    67
       Unarmed           |     1 |     7 ||     8
  Use: Scroll            |     2 |       ||     2
Armor: Scale mail        |     7 |     4 ||    11
Dodge: Dodged            |    28 |     3 ||    31
Block: Buckler           |     8 |     1 ||     9

Table legend: (Time is in decaauts)
 A = Elapsed time spent in this place.
 B = Non-inter-level travel time spent in this place.
 C = Inter-level travel time spent in this place.
 D = Time resting spent in this place.
 E = Time spent auto-exploring this place.
 F = Levels seen in this place.
 G = Mean time per level.
                   A        B        C        D        E       F      G
               +--------+--------+--------+--------+--------+-----+--------+
         Total |    534 |    508 |     26 |      0 |      0 |   5 |  106.8 |
       Dungeon |    534 |    508 |     26 |      0 |      0 |   5 |  106.8 |
               +--------+--------+--------+--------+--------+-----+--------+

Top non-repeatable levels by time:
     D:2: 211 daAuts
     D:1: 171 daAuts
     D:4: 81 daAuts
     D:3: 42 daAuts
     D:5: 27 daAuts
